 Dungeon Crawl Stone Soup version 0.23.2 (webtiles) character file.

Game seed: 15406562011370528479

6995 Norn the Transmogrifier (level 10, -30/93 HPs)
             Began as a Pale Draconian Transmuter on Apr 1, 2019.
             Was a High Priest of Okawaru.
             Annihilated by a white ugly thing (35 damage)
             ... on level 9 of the Dungeon.
             The game lasted 00:31:52 (10864 turns).

Norn the Transmogrifier (DrTm)                     Turns: 10864, Time: 00:31:52

Health: -30/93     AC:  7    Str: 12    XL:     10   Next: 82%
Magic:  11/15      EV: 13    Int: 20    God:    Okawaru [*****.]
Gold:   455        SH:  0    Dex: 12    Spells: 2/16 levels left

rFire    . . .     SeeInvis +     - Unarmed
rCold    . . .     Gourm    .   (no shield)
rNeg     . . .     Faith    .   (armour unavailable)
rPois    .         Spirit   .   (helmet restricted)
rElec    .         Reflect  .   (no cloak)
rCorr    .         Harm     .   (no gloves)
MR       .....                  (no boots)
Stlth    +.........             o - amulet of regeneration
HPRegen  0.65/turn              i - +3 ring of intelligence
MPRegen  0.14/turn              z - ring of see invisible

@: very slightly contaminated, slowed, very slow
A: breathe steam, unfitting armour, cold-blooded, AC +7
a: Breathe Steam, Heroism, Finesse, Renounce Religion


You were on level 9 of the Dungeon.
You worshipped Okawaru.
Okawaru was extremely pleased with you.
You were not hungry.

You visited 2 branches of the dungeon, and saw 10 of its levels.

You collected 455 gold pieces.

Inventory:

Hand Weapons
 D - a +0 blowgun
   (You took it off a kobold on level 8 of the Dungeon)
Missiles
 a - 99 arrows
 c - 275 stones (quivered)
 w - 54 poisoned needles
 y - a throwing net {!f}
Jewellery
 g - a cursed -4 ring of dexterity {unknown}
   (You found it on level 1 of the Dungeon)
 i - a +3 ring of intelligence (left hand)
   (You found it on level 4 of the Dungeon)
 o - an amulet of regeneration (around neck)
   (You found it on level 4 of the Dungeon)
 q - a +5 amulet of reflection
   (You found it on level 4 of the Dungeon)
 v - an uncursed ring of magical power {unknown}
   (You found it on level 5 of the Dungeon)
 z - a ring of see invisible (right hand)
   (You took it off a centaur on level 8 of the Dungeon)
Wands
 j - a wand of random effects (11)
   (You took it off Sigmund on level 2 of the Dungeon)
 t - a wand of flame (9)
   (You found it on level 5 of the Dungeon)
 u - a wand of paralysis (10)
   (You found it on level 3 of the Dungeon)
Scrolls
 l - 3 scrolls of enchant weapon
 p - 2 scrolls of identify {@r1}
Potions
 b - 4 potions of curing {@q1}
 d - a potion of might
 f - 2 potions of lignification {!q}
 k - a potion of flight {unknown}
 n - a potion of haste {unknown}
 r - 3 potions of heal wounds {@q2}
 B - a potion of mutation {unknown}
Comestibles
 e - 20 rations {!d}


   Skills:
 - Level 10.0 Fighting
 + Level 3.3 Dodging
 * Level 8.6 Unarmed Combat
 - Level 3.8 Spellcasting
 - Level 10.6 Transmutations


You had 2 spell levels left.
You knew the following spells:

 Your Spells              Type           Power        Failure   Level  Hunger
a - Blade Hands           Tmut           #####.....   4%          5    ######.
c - Ice Form              Ice/Tmut       ####....     14%         4    ####...
s - Sticks to Snakes      Tmut           #####...     1%          2    ##.....
x - Spider Form           Tmut/Pois      ####......   4%          3    ###....

Your spell library contained the following spells:

 Spells                   Type           Power        Failure   Level  Hunger
 Beastly Appendage        Tmut           #####.       1%          1    None
 Confusing Touch          Hex            #.....       13%         1    None
 Flame Tongue             Conj/Fire      #....        13%         1    None
 Throw Flame              Conj/Fire      #.....       21%         2    ##.....
 Petrify                  Tmut/Erth      ####....     14%         4    ####...
 Confuse                  Hex            #.......     36%         3    ###....
 Conjure Flame            Conj/Fire      #.......     36%         3    ###....
 Gell's Gravitas          Tloc           #.........   36%         3    ###....
 Inner Flame              Hex/Fire       #.......     36%         3    ###....
 Yara's Violent Unravell  Hex/Tmut       ####......   38%         5    ######.
 Sticky Flame             Conj/Fire      #.......     78%         4    ####...
 Fireball                 Conj/Fire      #.........   98%         5    ######.
 Metabolic Englaciation   Hex/Ice        #.........   98%         5    ######.


Dungeon Overview and Level Annotations

Branches:
Dungeon (9/15)             Temple (1/1) D:4
   Lair: D:8-11         Orc: D:9-12

Altars:
Ashenzari
Cheibriados
Dithmenos
Elyvilon
Fedhas
Gozag
Hepliaklqana
Kikubaaqudgha
Makhleb
Nemelex Xobeh
Okawaru
Qazlal
Ru
Sif Muna
Trog
Uskayaw
Vehumet
Wu Jian
Xom
Yredelemnul
Zin
The Shining One

Shops:
D:8 %


Innate Abilities, Weirdness & Mutations

You can breathe blasts of scalding, opaque steam.
Your pale cyan-grey scales are hard. (AC +7)
You cannot fit into any form of body armour.
You are cold-blooded and may be slowed by cold attacks.


Message History

The bullfrog is poisoned.
Your adder poisons the bullfrog!
Your adder bites the white ugly thing but does no damage.
The bullfrog's inner flame fades away.
Your adder bites the white ugly thing.
Your adder bites the bullfrog.
The bullfrog hits your adder.
Your adder barely misses the white ugly thing.
Your adder bites the white ugly thing.
Your adder bites the bullfrog.
The bullfrog looks even sicker.
Your adder poisons the bullfrog!
The bullfrog hits your adder!
Your adder bites the white ugly thing.
The white ugly thing is poisoned.
Your adder poisons the white ugly thing!
Your adder bites the white ugly thing.
The white ugly thing looks as sick as possible!
Your adder poisons the white ugly thing!
Your adder barely misses the bullfrog.
Your adder closely misses the bullfrog.
The bullfrog misses your adder.
Your adder bites the bullfrog.
The bullfrog looks even sicker.
Your adder poisons the bullfrog!
Your magical contamination has completely faded away.
Something closely misses your adder. Something barely misses your adder.
Okawaru accepts your kill.
You feel a bit more experienced.
Your adder looks stronger.
There is a stone staircase leading up here.
You see here 2 potions of degeneration {!q}.
You climb upwards.
There is a stone staircase leading down here.
You start resting.
You start waiting.
Done waiting.
You climb downwards.
The white ugly thing gores you! The white ugly thing freezes you!!
You feel yourself slow down.
* * * LOW HITPOINT WARNING * * *
The white ugly thing gores you.
* * * LOW HITPOINT WARNING * * *
The white ugly thing freezes you!!
You feel as though you will be slow longer.
* * * LOW HITPOINT WARNING * * *
There is a stone staircase leading up here.
You see here 2 potions of degeneration {!q}.
Casting: Sticks to Snakes (safe; 1% risk of failure)
You miscast Ice Form.
You are very lightly contaminated with residual magic.
Shape-changing energy floods out from your body and enlargens the floor bugs! 4 giant cockroaches come into view.
The white ugly thing gores you.
* * * LOW HITPOINT WARNING * * *
The white ugly thing freezes you!!
You die...

#...##.....S.####..###
#...##.......S....>..#
#...##.......#.......#
######.......u...#...# #
#.........#.#...# #
#.........#.#.###
######.........#s#.#######
#..............#.us......#
...............#@.s......#
...............##.s......#
................'........#
...............##........#
...............##........#
...............##........#
#######.....##############
#.....# #.....#


You could see a white ugly thing and 4 giant cockroaches.

Vanquished Creatures
  A two-headed ogre (D:8)
  A kobold demonologist (D:9)
  Prince Ribbit (D:8)
  2 dream sheep (D:8)
  Sigmund (D:2)
  5 yaks
  A hungry ghost (D:8)
  A steam dragon (D:8)
  Duvessa (D:6)
  An orc warrior (D:5)
  2 sky beasts (D:7)
  An ice beast (D:8)
  2 black bears (D:8)
  2 phantoms
  3 ogres
  3 centaurs
  15 big kobolds
  5 bullfrogs
  Dowan (D:6)
  A scorpion (D:6)
  4 killer bees (D:8)
  3 howler monkeys
  2 crimson imps (D:5)
  A centaur skeleton (D:9)
  An orc priest (D:6)
  2 bullfrog skeletons
  A hound (D:8)
  A jelly (D:9)
  6 iguanas
  6 orc wizards
  A worker ant (D:8)
  A howler monkey zombie (D:8)
  Robin (D:2)
  6 gnolls (D:6)
  A howler monkey skeleton (D:8)
  7 adders
  4 shadow imps
  An ooze (D:6)
  2 worms
  3 dart slugs
  6 leopard geckos
  21 orcs
  2 giant cockroaches
  17 goblins
  8 hobgoblins
  7 jackals
  24 kobolds
  5 quokkas
  2 ball pythons (D:3)
  6 bats
  4 frilled lizards
  A quokka skeleton (D:6)
  2 quokka zombies (D:5)
  2 rats (D:1)
211 creatures vanquished.

Vanquished Creatures (collateral kills)
  A hydra (D:7)
  A hippogriff (D:7)
  A phantom (D:6)
  A bullfrog (D:9)
  A howler monkey (D:8)
  An adder (D:2)
  An orc (D:6)
  A bat (D:2)
  A kobold (D:9)
9 creatures vanquished.

Vanquished Creatures (others)
  A plant (D:8)
1 creature vanquished.

Grand Total: 221 creatures vanquished

Notes
Turn   | Place    | Note
-------+----------+-------------------------------------------
     0 | D:1      | Norn the Draconian Transmuter began the quest for the Orb.
     0 | D:1      | Reached XP level 1. HP: 16/16 MP: 3/3
   198 | D:1      | Reached XP level 2. HP: 16/23 MP: 5/5
   218 | D:1      | Learned a level 2 spell: Sticks to Snakes
   795 | D:1      | Reached XP level 3. HP: 26/28 MP: 6/6
  1484 | D:2      | Reached XP level 4. HP: 25/35 MP: 2/7
  1608 | D:2      | Reached skill level 5 in Unarmed Combat
  1694 | D:2      | Learned a level 3 spell: Spider Form
  1717 | D:2      | Noticed Robin
  1729 | D:2      | Killed Robin
  1992 | D:2      | Noticed Sigmund
  2587 | D:2      | Killed Sigmund
  2587 | D:2      | Reached XP level 5. HP: 31/45 MP: 1/8
  2725 | D:3      | Found a shadowy altar of Dithmenos.
  3178 | D:3      | Reached XP level 6. HP: 50/51 MP: 7/9
  3736 | D:4      | Found a staircase to the Ecumenical Temple.
  3761 | Temple   | Entered the Ecumenical Temple
  3910 | Temple   | Became a worshipper of Warmaster Okawaru
  3984 | D:4      | Found a deep blue altar of Sif Muna.
  4046 | D:4      | Found a white marble altar of Elyvilon.
  4783 | D:4      | Found Xeitruc's Magic Scroll Shoppe.
  4968 | D:5      | Entered Level 5 of the Dungeon
  4980 | D:5      | Found a white marble altar of Elyvilon.
  5180 | D:5      | Reached skill level 5 in Transmutations
  5180 | D:5      | Your scales start taking on a pale cyan-grey colour.
  5180 | D:5      | Reached XP level 7. HP: 12/60 MP: 4/10
  5657 | D:5      | Reached * piety under Okawaru
  5738 | D:5      | Reached skill level 5 in Fighting
  6332 | D:6      | Found a basalt altar of Yredelemnul.
  6393 | D:5      | Reached XP level 8. HP: 70/70 MP: 9/11
  6454 | D:6      | Noticed Duvessa
  6456 | D:6      | Noticed Dowan
  6480 | D:6      | Killed Duvessa
  6483 | D:6      | Killed Dowan
  6483 | D:6      | Reached ** piety under Okawaru
  7412 | D:7      | Noticed a hippogriff
  7441 | D:7      | Killed a hippogriff
  7575 | D:7      | Reached XP level 9. HP: 66/79 MP: 9/12
  7624 | D:7      | Found a radiant altar of Vehumet.
  7788 | D:7      | Found a blossoming altar of Fedhas.
  8603 | D:8      | Reached *** piety under Okawaru
  8731 | D:8      | Noticed a deep elf mage
  8731 | D:8      | Noticed a centaur warrior
  8906 | D:8      | Learned a level 5 spell: Blade Hands
  8934 | D:8      | Reached skill level 10 in Transmutations
  9352 | D:8      | Noticed a two-headed hydra
  9411 | D:7      | Killed a two-headed hydra
  9411 | D:7      | Reached **** piety under Okawaru
  9411 | D:7      | Received a gift from Okawaru
  9548 | D:8      | Reached XP level 10. HP: 91/91 MP: 9/14
  9679 | D:8      | Reached ***** piety under Okawaru
  9761 | D:8      | Noticed Prince Ribbit
  9779 | D:8      | Killed Prince Ribbit
  9837 | D:8      | Found Niuleism's Food Shoppe.
  9934 | D:8      | Noticed a two-headed ogre
  9956 | D:8      | Killed a two-headed ogre
  9956 | D:8      | Received a gift from Okawaru
 10209 | D:8      | Learned a level 4 spell: Ice Form
 10615 | D:9      | Noticed a white ugly thing
 10621 | D:9      | Reached skill level 10 in Fighting
 10624 | D:9      | Received a gift from Okawaru
 10864 | D:9      | Annihilated by a white ugly thing

Skill      XL: |  1  2  3  4  5  6  7  8  9 10 |
---------------+-------------------------------+-----
Unarmed Combat | 4 5 8 |  8.6
Fighting       | 3 4 5 7 9 10 | 10.0
Transmutations | 3 5 6 9 10 | 10.6
Spellcasting   | 3 |  3.8
Dodging        | 3 |  3.3

Action                   |  1- 3 |  4- 6 |  7- 9 | 10-12 || total
-------------------------+-------+-------+-------+-------++-------
Melee: Unarmed           |   145 |   197 |   307 |   152 ||   801
       Tailslap          |    11 |    13 |     1 |     6 ||    31
       Headbutt          |     7 |     5 |       |       ||    12
       Punch             |     2 |     2 |       |     1 ||     5
       Kick              |     1 |     8 |       |       ||     9
Throw: Stone             |       |     2 |       |       ||     2
 Cast: Beastly Appendage |    11 |    14 |     1 |       ||    26
       Sticks to Snakes  |     5 |     7 |    15 |     4 ||    31
       Spider Form       |       |    15 |    41 |    10 ||    66
       Blade Hands       |       |       |       |     4 ||     4
 Abil: End Transformatio |       |       |       |     1 ||     1
Evoke: Wand              |       |     3 |     1 |     3 ||     7
  Use: Scroll            |       |       |     6 |    10 ||    16
 Stab: Paralysed         |       |       |     4 |     1 ||     5
       Distracted        |       |       |       |     1 ||     1
  Eat: Chunk             |     2 |    11 |    14 |     4 ||    31
       Ration            |       |     1 |     3 |     1 ||     5
Armor: Skin              |    41 |    29 |    41 |    25 ||   136
Dodge: Dodged            |    83 |   114 |   325 |   100 ||   622
